 Dungeon Crawl Stone Soup version 0.19-a0-854-gc78d25d (webtiles) character file.

84 Ijustatesigmund the Skirmisher (level 4, 0/37 HPs)
             Began as a Demonspawn Fighter on July 1, 2016.
             Slain by a quasit (2 damage)
             ... on level 2 of the Dungeon.
             The game lasted 00:04:21 (1706 turns).

Ijustatesigmund the Skirmisher (Demonspawn Fighter) Turns: 1706, Time: 00:04:21

Health: 0/37       AC:  8    Str: 16      XL:     4   Next: 24%
Magic:  4/4        EV:  6    Int: 10      God:
Gold:   52         SH:  9    Dex:  7 (13) Spells: 0 memorised, 3 levels left

rFire  + + .     SeeInvis .     a - +0 war axe
rCold  . . .     Gourm    .     b - +0 scale mail
rNeg   . . .     Faith    .     c - +1 shield
rPois  .         Spirit   .     (no helmet)
rElec  .         Dismiss  .     (no cloak)
rCorr  .         Reflect  .     (no gloves)
SustAt .         Harm     .     n - +0 pair of boots
MR     .....                    (no amulet)
Stlth  ..........               m - ring of protection from fire
                                i - ring of flight

@: not resistant to hostile enchantments, extremely unstealthy
A: molten scales 1, fire resistance 1
a: Evoke Flight


You were on level 2 of the Dungeon.
You were not hungry.

You visited 1 branch of the dungeon, and saw 3 of its levels.

You collected 52 gold pieces.

Inventory:

Hand Weapons
 a - a +0 war axe (weapon)
Armour
 b - a +0 scale mail (worn)
 c - a +1 shield (worn)
 n - a +0 pair of boots (worn)
Jewellery
 i - a ring of flight (left hand)
 m - a ring of protection from fire (right hand)
Potions
 d - a potion of might
 e - a potion of berserk rage {unknown}
 g - a potion of heal wounds
 l - a potion of cancellation {unknown}
Comestibles
 f - 2 bread rations
 h - 2 beef jerkies
 j - 2 fruits
 k - a chunk of flesh


   Skills:
 + Level 4.1 Fighting
 + Level 3.2 Axes
 - Level 2.6 Armour
 - Level 2.6 Shields


You had 3 spell levels left.
You didn't know any spells.

Dungeon Overview and Level Annotations

Branches:
Dungeon (3/15)

Altars:
Gozag
Hepliaklqana
Qazlal


Innate Abilities, Weirdness & Mutations

You are partially covered in molten scales. (AC +1)
Your flesh is heat resistant. (rF+)


Message History

* * * LOW HITPOINT WARNING * * *
The quasit claws you but does no damage. x2
The quasit bites you.
* * * LOW HITPOINT WARNING * * *
You block the quasit's attack. The quasit barely misses you.
You closely miss the quasit.
The quasit is almost dead.
The quasit bites you.
* * * LOW HITPOINT WARNING * * *
You feel clumsy.
The quasit claws you but does no damage.
You block the quasit's attack. The quasit closely misses you.
You block the quasit's attack.
The quasit claws you but does no damage.
You miss the quasit.
The quasit is almost dead.
The quasit bites you but does no damage.
The quasit claws you but does no damage.
The quasit barely misses you. The quasit bites you.
You die...

.# #.# .# #.# .######
###.# ......# #...#
.####.# #.###### .#
#.# #.# ##.## .#
##.######.###...## .#
#....)...........#
.###......###.##@..##
..........# #.###5##
.###.....## #(# #.#
.........# #.# #.#
.#####.### #.# #.###
## #.# #.###.รท.## #
#.# #.##.....# # #.#
#.##....<# # #.##
#.##.....#


You could see a quasit.

Vanquished Creatures
  3 adders (D:2)
  2 worms (D:2)
  A dart slug (D:1)
  2 giant geckos
  5 bats
  2 giant cockroaches
  5 goblins
  6 hobgoblins
  7 jackals (D:2)
  3 kobolds
  2 ball pythons
  4 giant newts
  2 rats
44 creatures vanquished.

Vanquished Creatures (others)
  A bat (D:2)
1 creature vanquished.

Grand Total: 45 creatures vanquished

Notes
Turn   | Place    | Note
-------+----------+-------------------------------------------
     0 | D:1      | Ijustatesigmund the Demonspawn Fighter began the quest for the Orb.
     0 | D:1      | Reached XP level 1. HP: 18/18 MP: 1/1
    59 | D:1      | Gained mutation: Your flesh is heat resistant. (rF+) [demonic ancestry]
    59 | D:1      | Reached XP level 2. HP: 17/24 MP: 2/2
   881 | D:2      | Reached XP level 3. HP: 27/29 MP: 3/3
  1155 | D:2      | Found an opulent altar of Gozag.
  1204 | D:2      | Reached skill level 4 in Fighting
  1204 | D:2      | Gained mutation: You are partially covered in molten scales. (AC +1) [demonic ancestry]
  1204 | D:2      | Reached XP level 4. HP: 37/37 MP: 4/4
  1526 | D:2      | Found a stormy altar of Qazlal.
  1603 | D:2      | Found a hazy altar of Hepliaklqana.
  1706 | D:2      | Slain by a quasit

Vault maps used:
D:1:      zelgadis_glass_arrival_small
D:2:      nicolae_overflow_hidden_temple, grunt_gozag_statues,
          nicolae_qazlal_eye_of_the_storm
D:3:      kennysheep_slug_shrine, lemuel_round_altar

Skill      XL: |  1  2  3 |
---------------+----------+-----
Axes           | 2 3 |  3.2
Fighting       | 4 |  4.1
Armour         | |  2.6
Shields        | |  2.6

Action                   |  1- 3 |  4- 6 || total
-------------------------+-------+-------++-------
Melee: War axe           |   100 |    52 ||   152
  Use: Scroll            |     7 |       ||     7
  Eat: Chunk             |     1 |     2 ||     3
Armor: Scale mail        |    63 |    57 ||   120
Dodge: Dodged            |    33 |    36 ||    69
Block: Shield            |    68 |    47 ||   115
